 Dungeon Crawl Stone Soup version 0.28-a0-1395-g4f6bc678fa (webtiles) character file.

Game seed: 12181279613572803957

5265 MacCMillion the Demonic Disaster (level 10, -5/83 HPs)
             Began as a Demonspawn Fighter on Jan 3, 2022.
             Was a Believer of Qazlal.
             Slain by a manticore (6 damage)
             ... on level 10 of the Dungeon on Jan 4, 2022.
             The game lasted 01:09:11 (15800 turns).

MacCMillion the Demonic Disaster (DsFi)            Turns: 15800, Time: 01:09:12

Health: -5/83      AC: 10    Str: 21    XL:     10   Next: 36%
Magic:  17/17      EV:  9    Int: 10    God:    Qazlal [**....]
Gold:   536        SH:  3    Dex: 12    Spells: 3/9 levels left

rFire   . . .      SeeInvis .   s - +2 whip (elec)
rCold   . . .      Faith    .   (no shield)
rNeg    . . .      Spirit   .   A - +0 scale mail
rPois   .          Reflect  .   (no helmet)
rElec   .          Harm     .   t - +2 cloak
rCorr   .          Rampage  .   (no gloves)
Will    .....                   (no boots)
Stlth   ..........              k - amulet of magic regeneration
HPRegen 0.23/turn               u - ring of wizardry
MPRegen 0.55/turn               C - ring of wizardry

@: spiked
A: powered by pain 2, demonic magic 2, weakness stinger 1, demonic touch 1
a: Renounce Religion, Upheaval


You were on level 10 of the Dungeon.
You worshipped Qazlal.
Qazlal was pleased with you.
You visited 2 branches of the dungeon, and saw 11 of its levels.

You collected 536 gold pieces.

Inventory:

Hand Weapons
 a - a +0 rapier
 b - a +2 short sword of venom
 s - a +2 whip of electrocution (weapon)
 F - a +2 vampiric short sword
 P - a +1 quarterstaff of speed
 Q - a +2 scimitar
 R - a +5 flail
Missiles
 l - 4 boomerangs
 G - 7 poisoned darts (quivered)
 I - a throwing net
Armour
 c - a +0 buckler
 t - a +2 cloak (worn)
 A - a +0 scale mail (worn)
Jewellery
 k - an amulet of magic regeneration (around neck)
 u - a ring of wizardry (left hand)
 C - a ring of wizardry (right hand)
Wands
 h - a wand of flame (41)
 D - a wand of mindburst (11)
 E - a wand of digging (5)
 H - a wand of iceblast (5)
 N - a wand of paralysis (10)
Scrolls
 f - 2 scrolls of magic mapping
 g - a scroll of blinking
 i - a scroll of noise
 j - 2 scrolls of summoning
 n - 4 scrolls of amnesia
 q - a scroll of brand weapon
 r - a scroll of immolation
 w - 2 scrolls of vulnerability {unknown}
 x - 2 scrolls of holy word {unknown}
 y - 4 scrolls of enchant armour {unknown}
 z - 2 scrolls of teleportation {unknown}
 B - a scroll of fog
 M - a scroll of silence
 O - 2 scrolls of torment {unknown}
Potions
 d - 2 potions of might
 e - a potion of brilliance {unknown}
 m - 3 potions of degeneration
 o - a potion of haste
 p - 3 potions of ambrosia
 v - 3 potions of curing
 J - a potion of lignification {unknown}
 K - 2 potions of heal wounds
 L - 2 potions of attraction {unknown}


   Skills:
 + Level 9.0 Fighting
 - Level 4.7 Short Blades
 + Level 5.4 Maces & Flails
 - Level 0.2(3.3) Staves
 + Level 1.6 Throwing
 - Level 5.0 Armour
 - Level 4.0 Shields
 + Level 3.3 Ice Magic
 + Level 9.5 Invocations


You had 3 spell levels left.
You knew the following spells:

 Your Spells              Type           Power      Damage    Failure   Level
a - Frozen Ramparts       Ice            12%        1d3       19%         3
b - Ozocubu's Armour      Ice            6%         N/A       19%         3

Your spell library contained the following spells:

 Spells                   Type           Power      Damage    Failure   Level
 Freeze                   Ice            24%        1d5       7%          1
 Animate Skeleton         Necr           0%         N/A       24%         1
 Apportation              Tloc           0%         N/A       24%         1
 Summon Small Mammal      Summ           0%         N/A       24%         1
 Blink                    Tloc           0%         N/A       36%         2
 Corpse Rot               Necr/Air       0%         N/A       36%         2
 Lesser Beckoning         Tloc           0%         N/A       56%         3
 Summon Guardian Golem    Hex/Summ       0%         N/A       56%         3
 Hailstorm                Conj/Ice       3%         3d3       73%         4
 Dispel Undead            Necr           0%         3d6       90%         4
 Metabolic Englaciation   Hex/Ice        1%         N/A       96%         5
 Alistair's Intoxication  Tmut/Pois      0%         N/A       99%         5
 Iskenderun's Battlesphe  Conj           0%         2d6       99%         5
 Manifold Assault         Tloc           0%         N/A       99%         5
 Death Channel            Necr           0%         N/A       100%        6
 Iron Shot                Conj/Erth      0%         9d1       100%        6
 Simulacrum               Ice/Necr       1%         N/A       100%        6
 Orb of Destruction       Conj           0%         N/A       100%        7
 Spellforged Servitor     Conj/Summ      0%         N/A       100%        7


Dungeon Overview and Level Annotations

Branches:
Dungeon (10/15)            Temple (1/1) D:5
   Lair: D:8-11         Orc: D:9-12

Altars:
Ashenzari
Cheibriados
Dithmenos
Elyvilon
Fedhas
Gozag
Hepliaklqana
Makhleb
Nemelex Xobeh
Okawaru
Qazlal
Ru
Sif Muna
Trog
Uskayaw
Vehumet
Wu Jian
Xom
Yredelemnul
Zin
The Shining One

Shops:
D:1 [   D:4 [   D:6 [   D:9 =

Annotations:
D:6 2 transporters


Innate Abilities, Weirdness & Mutations

You sometimes gain power by taking damage.
Spells you cast may paralyse nearby enemies.
You have a small tail.
Your touch may inflict minor irresistible damage on your foes.


Message History

The barbs in your skin will harm you if you move.
Continue?
Okay, then.
Throw: 8 darts (poison)
Press: ? - help, Q - select action, (/) - cycle Shift-Dir - straight line, f/p - manticore
Aim: a manticore (heavily wounded, poisoned, 72% to hit)
You throw a poisoned dart. The poisoned dart hits the manticore.
The manticore is heavily wounded.
Unknown command.
You hit the manticore but do no damage.
Lightning courses through the manticore!
The manticore is severely wounded.
The manticore bites you. The manticore barely misses you.
The manticore claws you.
* * * LOW HITPOINT WARNING * * *
Unknown command.
You hit the manticore but do no damage.
You touch the manticore.
The manticore is severely wounded.
The manticore bites you.
* * * LOW HITPOINT WARNING * * *
You block the manticore's attack. The manticore claws you!
* * * LOW HITPOINT WARNING * * *
The yak gores you but does no damage.
Okay, then.
You feel much better.
The manticore looks more healthy.
The manticore bites you but does no damage.
The manticore claws you. x2; The yak closely misses you.
Okay, then.
You hit the manticore but do no damage.
You touch the manticore.
The manticore is almost dead.
The manticore bites you!
* * * LOW HITPOINT WARNING * * *
The manticore claws you but does no damage. x2
Unknown command.
You hit the manticore.
You touch the manticore.
The manticore is almost dead.
The yak is engulfed in freezing vapours.
The yak barely misses you. The manticore bites you!
* * * LOW HITPOINT WARNING * * *
The manticore barely misses you. The manticore claws you.
You die...

......### ....
......... ... ....#.
#.##......... ......
####......##...# ......
...............
#....####.....[.......
#.#..$.((.............
#.......#(..Y.......##
###....@###............
......YH#####...(.##...
....##..(((.......#
#.........#...<...#
#..#..>...#..###......
..............#.....#
#....................
#..############...<..
#.# ###..


You could see a manticore and a yak.

Vanquished Creatures
  12 yaks
  A wyvern (D:8)
  A steam dragon (D:8)
  3 ice beasts
  A necrophage (D:5)
  An orc warrior (D:7)
  A black bear (D:6)
  2 sky beasts (D:6)
  2 ogres
  3 centaurs
  2 kobold brigands
  2 bullfrogs
  A gnoll sergeant (D:9)
  A scorpion (D:7)
  11 killer bees
  6 wights
  2 gnoll shamans
  2 jellies
  2 bullfrog skeletons
  2 orc priests (D:5)
  4 orc wizards
  A hound skeleton (D:4)
  A howler monkey zombie (D:6)
  17 gnolls
  9 adders
  A white imp (D:6)
  An ufetubus (D:5)
  6 worms
  7 dart slugs
  15 orcs
  4 bats
  8 endoplasms
  7 giant cockroaches
  6 goblins
  9 hobgoblins
  6 jackals
  15 kobolds
  4 quokkas
  8 ball pythons
  2 frilled lizards (D:2)
  18 rats
207 creatures vanquished.

Vanquished Creatures (collateral kills)
  An unseen horror (D:9)
1 creature vanquished.

Vanquished Creatures (others)
  6 plants (D:6)
6 creatures vanquished.

Grand Total: 214 creatures vanquished

Notes
Turn   | Place    | Note
-------+----------+-------------------------------------------
     0 | D:1      | MacCMillion the Demonspawn Fighter began the quest for the
                  | Orb.
     0 | D:1      | Reached XP level 1. HP: 18/18 MP: 1/1
   143 | D:1      | Gained mutation: Spells you cast may paralyse adjacent
                  | enemies. [demonic ancestry]
   143 | D:1      | Reached XP level 2. HP: 23/24 MP: 2/2
   297 | D:1      | Gained mutation: You sometimes gain a little power by
                  | taking damage. [demonic ancestry]
   297 | D:1      | Reached XP level 3. HP: 29/29 MP: 3/3
   297 | D:1      | Found Viqauqa's Armour Shoppe.
  1088 | D:2      | Reached XP level 4. HP: 23/35 MP: 4/4
  2927 | D:3      | Discovered your monstrous ancestry.
  2927 | D:3      | Gained mutation: You have a small tail. [demonic ancestry]
  2927 | D:3      | Reached XP level 5. HP: 30/42 MP: 5/5
  3528 | D:4      | Found Rime Ija's Armour Shop.
  3891 | D:4      | Noticed an ogre
  4070 | D:5      | Entered Level 5 of the Dungeon
  4145 | D:5      | Found a radiant altar of Vehumet.
  4222 | D:5      | Noticed an ogre
  4248 | D:5      | Killed an ogre
  4249 | D:5      | Gained mutation: Your touch may inflict minor irresistible
                  | damage on your foes. [demonic ancestry]
  4249 | D:5      | Reached XP level 6. HP: 48/48 MP: 6/6
  4301 | D:5      | Found a sparkling altar of Nemelex Xobeh.
  4301 | D:5      | Found a broken altar of Ashenzari.
  4302 | D:5      | Found a shimmering altar of Xom.
  4311 | D:5      | Found a staircase to the Ecumenical Temple.
  4318 | Temple   | Entered the Ecumenical Temple
  4440 | Temple   | Became a worshipper of Qazlal Stormbringer
  4746 | D:5      | Found an iron altar of Okawaru.
  5266 | D:5      | Noticed an ice beast
  5490 | D:4      | Killed an ice beast
  5491 | D:4      | Reached XP level 7. HP: 32/55 MP: 7/7
  5724 | D:4      | Reached skill level 5 in Fighting
  5724 | D:4      | Reached skill level 1 in Invocations
  6406 | D:5      | Reached skill level 5 in Armour
  6437 | D:5      | HP: 2/56 [gnoll (11)]
  7172 | D:5      | Gained mutation: You sometimes gain power by taking damage.
                  | [demonic ancestry]
  7172 | D:5      | Reached XP level 8. HP: 32/63 MP: 10/10
  7558 | D:6      | Found Firaud's Antique Armour Boutique.
  7681 | D:6      | Noticed a kobold demonologist
  7689 | D:6      | Found a hazy altar of Hepliaklqana.
  7700 | D:6      | Found a transporter.
  7750 | D:6      | Noticed a kobold demonologist
  7806 | D:6      | Found a transporter.
  7910 | D:6      | Reached skill level 1 in Maces & Flails
  8689 | D:7      | Reached * piety under Qazlal
  8804 | D:7      | Found a basalt altar of Yredelemnul.
  8806 | D:7      | Noticed a profane servitor
  8859 | D:7      | Reached skill level 5 in Invocations
  9127 | D:7      | Found a snail-covered altar of Cheibriados.
  9682 | D:7      | Noticed an angel
 10144 | D:7      | Gained mutation: Spells you cast may paralyse nearby
                  | enemies. [demonic ancestry]
 10144 | D:7      | Reached XP level 9. HP: 30/72 MP: 13/13
 11280 | D:8      | Found a burning altar of Makhleb.
 11286 | D:8      | Noticed an angel
 11286 | D:8      | Noticed a cacodemon
 12495 | D:9      | Reached skill level 1 in Ice Magic
 12666 | D:9      | Killed an unseen horror
 13016 | D:9      | Reached ** piety under Qazlal
 13122 | D:9      | Found Leosumm's Jewellery Boutique.
 13364 | D:9      | Reached XP level 10. HP: 43/76 MP: 16/16
 13448 | D:8      | Upgraded the game from 0.28-a0-1389-gc726bef33b to
                  | 0.28-a0-1395-g4f6bc678fa
 13833 | D:9      | Reached skill level 5 in Maces & Flails
 14428 | D:9      | Reached skill level 1 in Throwing
 15107 | D:8      | Found a burning altar of Makhleb.
 15504 | D:10     | Entered Level 10 of the Dungeon
 15513 | D:9      | Learned a level 3 spell: Frozen Ramparts
 15519 | D:9      | Learned a level 3 spell: Ozocubu's Armour
 15752 | D:10     | Noticed a manticore
 15800 | D:10     | HP: 1/83 [manticore (12)]
 15800 | D:10     | Slain by a manticore

Illustrated notes

Levels and vault maps discovered:
D:1:      lemuel_arrival_cross, layout_basic, serial_shops, nicolae_square_shop,
          minmay_rat_gold_closets
D:2:      layout_loops_cross
D:3:      layout_loops_ring, minmay_misc_feat_enclosed, uniq_crazy_yiuf_cottage
D:4:      layout_loops_ring, serial_shops, nicolae_square_shop, minmay_distorted
D:5:      layout_loops_cross, chequers_temple_overflow_statue_of_worship,
          mainiacjoe_overflow_cross_hatched, vehumet_altar_wand_db,
          minmay_temple_entry_statues_fountains, serial_co_window_serial,
          co_window_corner_a, co_window_corner_a, co_window_corner_a,
          co_window_corner_a, co_window_corner_a, co_window_paths_a,
          co_window_2corner, co_window_corner_b, co_window_2corner,
          co_window_of_opportunity_b, co_window_broadway_b, glass_columns_c,
          minmay_fractal_squares_gapless_5
D:6:      gammafunk_wand_slinger, layout_gridville,
          nicolae_hepliaklqana_hazy_memory, serial_shops, nicolae_stop_n_shop_1,
          fountainhead
D:7:      layout_basic, grunt_temple_overflow_holy_war, cheibrodos_worm_habitat,
          serial_glass, glass_columns_b, glass_columns_a
D:8:      layout_loops_cross, grunt_temple_overflow_order_and_chaos_2,
          minivault_21
D:9:      layout_long_grid, serial_shops, shop, hellmonk_bongcloud_opening
D:10:     layout_cave_pools, marbit_many_paths, lair_entry_dummy, david_orc_3
Temple:   dpeg_three_leaves_temple

Skill      XL: |  1  2  3  4  5  6  7  8  9 10 |
---------------+-------------------------------+-----
Short Blades   | 2 3 4 |  4.7
Armour         | 3 4 5 |  5.0
Shields        | 3 4 |  4.0
Fighting       | 4 5 7 8 9 |  9.0
Invocations    | 3 6 8 9 |  9.5
Maces & Flails | 3 4 5 |  5.4
Ice Magic      | 2 3 |  3.3
Throwing       | 1 |  1.6
Staves         | |  0.2

Action                   |  1- 3 |  4- 6 |  7- 9 | 10-12 || total
-------------------------+-------+-------+-------+-------++-------
Melee: Rapier            |   132 |   245 |    94 |       ||   471
       Tailslap          |       |    21 |    44 |    15 ||    80
       Short sword       |       |       |   178 |    57 ||   235
       Whip              |       |       |    60 |    12 ||    72
       Touch             |       |       |    31 |    17 ||    48
       Scimitar          |       |       |     4 |       ||     4
Throw: Throwing net      |     1 |     1 |     1 |       ||     3
       Dart              |       |     3 |    34 |    23 ||    60
       Boomerang         |       |     6 |     9 |     3 ||    18
Evoke: Wand              |       |       |     1 |       ||     1
  Use: Scroll            |       |     7 |     6 |       ||    13
       Potion            |       |     1 |     1 |     4 ||     6
Armor: Scale mail        |    48 |    86 |   116 |    29 ||   279
Dodge: Dodged            |    39 |    99 |   142 |    41 ||   321
Block: Buckler           |    21 |    43 |    53 |       ||   117
       Other             |       |       |    11 |     5 ||    16

Table legend: (Time is in decaauts)
 A = Elapsed time spent in this place.
 B = Non-inter-level travel time spent in this place.
 C = Inter-level travel time spent in this place.
 D = Time resting spent in this place.
 E = Time spent auto-exploring this place.
 F = Levels seen in this place.
 G = Mean time per level.
                   A        B        C        D        E       F      G
               +--------+--------+--------+--------+--------+-----+--------+
         Total |  15802 |  15188 |    614 |   2573 |   8918 |  11 | 1436.5 |
       Dungeon |  15667 |  15065 |    602 |   2573 |   8860 |  10 | 1566.7 |
        Temple |    134 |    122 |     12 |      0 |     58 |   1 |  134.0 |
               +--------+--------+--------+--------+--------+-----+--------+

Top non-repeatable levels by time:
     D:8: 2406 daAuts
     D:9: 2373 daAuts
     D:7: 2229 daAuts
     D:5: 2137 daAuts
     D:6: 1900 daAuts
     D:2: 1432 daAuts
     D:4: 1265 daAuts
     D:3: 1000 daAuts
     D:1: 858 daAuts
  Temple: 134 daAuts
    D:10: 63 daAuts
